Match 42315471
Unlisted

Match 42315471
End
Construct Infanterie Kompanie
Grenadier Squad
MG 42 Machine Gun Team
Selects Breakthrough Battlegroup
Selects Assault Grenadiers
MG 42 Machine Gun Team
Construct Luftwaffe Kompanie
Medical Bunker
Support Elements
Jäger Squad
Wirbelwind Flakpanzer
Selects Rapid Production
Luftwaffe Officer Quarters
Jäger Squad
Jäger Squad
Wirbelwind Flakpanzer
Selects Blitzkrieg
Jäger Squad
Selects Breakthrough
Marder III M Tank Destroyer
Breakthrough
Construct Panzer Kompanie
Jäger Squad
Stoßtruppen Squad
Selects Incendiary Bombing Run
Incendiary Bombing Run
Sturmpanzer IV Brummbär
Panzer Officer Quarters
Pioneer Squad
Incendiary Bombing Run
Sturmpanzer IV Brummbär
Incendiary Bombing Run
Flak 30 Anti-aircraft Gun Team
Selects Tiger Heavy Tank
Incendiary Bombing Run
Tiger Heavy Tank
Tiger Heavy Tank
Blitzkrieg
Marder III M Tank Destroyer
Marder III M Tank Destroyer
Blitzkrieg
Marder III M Tank Destroyer
Marder III M Tank Destroyer
Marder III M Tank Destroyer
Marder III M Tank Destroyer
Stoßtruppen Squad
insane
866
KampFTrikeR
This game made me racer. F CH*NA
VWVWVVVWWVWVWW
라쿤킹
앵그리죠
MadMouse
0
0

Comments sign in to comment!

No comments posted yet!